 Dungeon Crawl Stone Soup version 0.30-a0-168-g0b976cbdc4 (webtiles) character file.

Game seed: 9835464271651449075

563 juncz the Chiller (level 7, 0/41 HPs)
             Began as a Gargoyle Ice Elementalist on Sept 29, 2022.
             Was an Initiate of Gozag.
             Slain by a gnoll
             ... wielding a +0 glaive
              (4 damage)
             ... on level 5 of the Dungeon on Sept 30, 2022.
             The game lasted 00:17:10 (5139 turns).

juncz the Chiller (Gargoyle Ice Elementalist)       Turns: 5139, Time: 00:17:10

Health: 0/41       AC:  8    Str: 11 (12) XL:     7   Next: 32%
Magic:  1/13       EV: 11    Int: 15 (17) God:    Gozag
Gold:   71         SH:  0    Dex:  8 (10) Spells: 6/14 levels left

rFire   + . .      SeeInvis .    l - +0 hand axe
rCold   . . .      Faith    .    (no shield)
rNeg    + . .      Spirit   .    a - +0 robe
rPois   ∞          Reflect  .    (no helmet)
rElec   +          Harm     .    v - +0 cloak
rCorr   .          Rampage  .    (no gloves)
Will    .....                    i - +0 pair of boots
Stlth   ++........               (no amulet)
HPRegen 0.13/turn                (no ring)
MPRegen 0.13/turn                (no ring)

@: attractive
A: sickness immunity, AC +4, negative energy resistance 1, electricity
resistance, torment resistance 1, petrification resistance, fire resistance 1,
subdued magic 1
a: Renounce Religion, Potion Petition, Call Merchant, Bribe Branch


You were on level 5 of the Dungeon.
You worshipped Gozag.
Gozag was noncommittal.
You visited 2 branches of the dungeon, and saw 7 of its levels.

You collected 162 gold pieces.
You paid 91 gold pieces to Gozag.

Inventory:

Hand Weapons
 c - a +0 club
 l - a +0 hand axe (weapon)
Missiles
 d - 11 stones (quivered)
 u - a throwing net
 x - 9 poisoned darts
Armour
 a - a +0 robe (worn)
 i - a +0 pair of boots (worn)
 v - a +0 cloak (worn)
Magical Staves
 q - a staff of cold
Scrolls
 f - a scroll of magic mapping {unknown}
 h - 2 scrolls of identify {unknown}
 j - 3 scrolls of blinking {unknown}
 k - 2 scrolls of enchant armour {unknown}
 m - 2 scrolls of teleportation {unknown}
 n - 2 scrolls of enchant weapon {unknown}
 p - a scroll of fog {unknown}
 w - a scroll of fear {unknown}
Potions
 b - a potion of magic
 e - a potion of attraction
 g - a potion of lignification {unknown}
 r - a potion of invisibility {unknown}
 s - a potion of curing {unknown}
 t - 2 potions of degeneration


   Skills:
 + Level 3.5 Fighting
 - Level 1.7 Dodging
 - Level 2.4 Stealth
 + Level 4.2 Spellcasting
 + Level 5.8 Ice Magic
 - Level 3.0 Earth Magic


You had 6 spell levels left.
You knew the following spells:

 Your Spells              Type           Power      Damage    Failure   Level
a - Freeze                Ice            64%        1d8       1%          1
b - Frozen Ramparts       Ice            32%        1d5       3%          3
c - Ozocubu's Armour      Ice            16%        N/A       3%          3
d - Sandblast             Erth           18%        2d7       4%          1

Your spell library contained the following spells:

 Spells                   Type           Power      Damage    Failure   Level
 Passwall                 Tmut/Erth      4%         N/A       12%         2
 Static Discharge         Conj/Air       4%         2-3/arc   22%         2
 Stone Arrow              Conj/Erth      10%        3d7       24%         3
 Summon Ice Beast         Ice/Summ       9%         N/A       41%         4
 Dazzling Flash           Conj/Hex       4%         N/A       43%         3
 Iskenderun's Mystic Bla  Conj/Tloc      2%         2d3       85%         4
 Agony                    Necr           2%         N/A       99%         5
 Arcjolt                  Conj/Air       1%         1d11      99%         5
 Lightning Bolt           Conj/Air       1%         1d12      99%         5
 Silence                  Hex/Air        1%         N/A       99%         5
 Starburst                Conj/Fire      1%         6d3       100%        6
 Maxwell's Capacitive Co  Air            1%         ∞         100%        8


Dungeon Overview and Level Annotations

Branches:
Dungeon (6/15)             Temple (1/1) D:5

Altars:
Ashenzari
Cheibriados
Dithmenos
Elyvilon
Fedhas
Gozag
Hepliaklqana
Kikubaaqudgha
Makhleb
Nemelex Xobeh
Okawaru
Qazlal
Ru
Sif Muna
Trog
Uskayaw
Vehumet
Xom
Yredelemnul
Zin
The Shining One

Annotations:
D:3 Sigmund


Innate Abilities, Weirdness & Mutations

You are immune to sickness and miasma.
Your stone body is resilient. (AC +4)
You are immune to poison.
You resist negative energy. (rN+)
You are resistant to electric shocks. (rElec)
You are resistant to unholy torment.
You are immune to petrification.
Your flesh is heat resistant. (rF+)
Your spells are a little easier to cast, but a little less powerful.


Message History

The phantom hits you.
The phantom blinks!
You blink.
A worm comes into view.
Casting: Sandblast (safe; 4% risk of failure)
Confirm with . or Enter, or press ? or * to list all spells.
Aiming: Sandblast (safe; 4% risk of failure)
Press: ? - help, Shift-Dir - straight line, f/p - phantom
Aim: a phantom (heavily damaged, 75% to hit)
The blast of sand hits the phantom!
The phantom is almost destroyed.
The phantom hits you. The howler monkey misses you.
The phantom barely misses you. The gnoll barely misses you.
The gnoll hits you with a +0 flail.
Okay, then.
Okay, then.
You aren't carrying any items that you can evoke.
It was a potion of degeneration.
There was something very wrong with that liquid.
You feel weakened.
You feel dopey.
You feel clumsy.
The howler monkey hits you but does no damage.
The phantom misses you. The gnoll hits you with a +0 flail.
The gnoll closely misses you.
It was a potion of attraction.
You feel attractive to monsters. The howler monkey barely misses you.
The worm bites you. The phantom hits you.
* * * LOW HITPOINT WARNING * * *
The gnoll closely misses you. The gnoll hits you but does no damage.
The gnoll attacks as you move away! The gnoll closely misses you.
The howler monkey hoots and howls with incredible vigour!
Something hits you.
* * * LOW HITPOINT WARNING * * *
The worm barely misses you.
The gnoll hits you from afar with a +0 glaive.
* * * LOW HITPOINT WARNING * * *
It was a potion of mutation.
You feel extremely strange.
You feel resistant to heat.
Your connection to magic feels subdued.
The phantom hits you.
* * * LOW HITPOINT WARNING * * *
The gnoll hits you from afar with a +0 glaive.
You die...
Your body crumbles into a pile of gold.

... ...... #.#######
........ #...##..##.#...
. #.#....$......
#.$...#...##.# .
.#########$......##.##..
................##......
.#####.####...g##.......
...............w@.......
<###..........hW........
#.#.......###........
#.#......## .........
#.#......##..........
#.##.....#...........
##.#..................
#..............###.###
.....#..##....#


You could see a phantom, a worm, a howler monkey and a gnoll.

Vanquished Creatures
  A black bear (D:5)
  A phantom (D:6)
  A necrophage (D:5)
  A scorpion (D:5)
  An orc priest (D:4)
  Jessica (D:3)
  An iguana (D:5)
  3 adders
  5 gnolls
  4 worms
  3 dart slugs
  13 orcs
  10 ball pythons
  7 endoplasms
  A giant cockroach (D:1)
  5 goblins
  11 hobgoblins
  4 quokkas
  10 bats
  2 frilled lizards
  7 kobolds
  4 rats
96 creatures vanquished.

Notes
Turn   | Place    | Note
-------+----------+-------------------------------------------
     0 | D:1      | juncz the Gargoyle Ice Elementalist began the quest for the
                  | Orb.
     0 | D:1      | Reached XP level 1. HP: 10/10 MP: 3/3
   242 | D:1      | Reached XP level 2. HP: 12/15 MP: 0/5
   860 | D:1      | Reached XP level 3. HP: 11/19 MP: 1/6
   864 | D:1      | Learned a level 3 spell: Frozen Ramparts
   868 | D:1      | Learned a level 3 spell: Ozocubu's Armour
  1827 | D:2      | Found a faded altar of an unknown god.
  2735 | D:3      | Reached XP level 4. HP: 21/24 MP: 5/8
  2737 | D:3      | Learned a level 1 spell: Sandblast
  3135 | D:3      | Noticed Sigmund
  3662 | D:3      | Noticed Jessica
  3664 | D:3      | Killed Jessica
  3665 | D:3      | Reached skill level 1 in Fighting
  3665 | D:3      | Reached skill level 1 in Earth Magic
  3665 | D:3      | Reached XP level 5. HP: 29/29 MP: 5/9
  4115 | D:4      | Reached skill level 5 in Ice Magic
  4221 | D:4      | Noticed an ogre
  4379 | D:4      | Reached XP level 6. HP: 35/35 MP: 9/11
  4380 | D:4      | You fall into a shaft and drop 2 floors!
  4449 | D:5      | Entered Level 5 of the Dungeon
  4713 | D:5      | Found a staircase to the Ecumenical Temple.
  4720 | Temple   | Entered the Ecumenical Temple
  4997 | Temple   | Became a worshipper of Gozag Ym Sagoz the Greedy
  5109 | D:5      | Reached XP level 7. HP: 41/41 MP: 6/13
  5139 | D:5      | Gained mutation: Your flesh is heat resistant. (rF+)
                  | [potion of mutation]
  5139 | D:5      | Gained mutation: Your spells are a little easier to cast,
                  | but a little less powerful. [potion of mutation]
  5139 | D:5      | Slain by a gnoll

Illustrated notes

Levels and vault maps discovered:
D:1:      shiori_shiawase, layout_basic
D:2:      layout_loops_ring, shapermc_ecumenical_altar_venn
D:3:      minmay_inner_zag, layout_loops_ring, uniq_jessica, uniq_sigmund
D:4:      layout_basic, cheibrodos_sewer_entry_bend, minmay_misc_feat_diagonals,
          amcnicky_mini_pool_small
D:5:      layout_rooms, minmay_temple_entry_tees
D:6:      layout_rooms, mainiacjoe_overflow_alcove_1, uniq_eustachio
Temple:   compressed_dpeg_triangle_lava_temple

Skill      XL: |  1  2  3  4  5  6 |
---------------+-------------------+-----
Spellcasting   | 3 4 |  4.2
Fighting       | 1 2 3 |  3.5
Earth Magic    | 1 2 3 |  3.0
Ice Magic      | 5 |  5.8
Dodging        | |  1.7
Stealth        | |  2.4

Action                   |  1- 3 |  4- 6 |  7- 9 || total
-------------------------+-------+-------+-------++-------
Melee: Unarmed           |    25 |       |       ||    25
       Club              |    25 |       |       ||    25
       Hand axe          |     1 |    14 |     4 ||    19
       Staff             |       |     9 |       ||     9
Throw: Stone             |     7 |     9 |       ||    16
 Cast: Freeze            |    61 |    45 |     2 ||   108
       Frozen Ramparts   |     4 |    14 |     1 ||    19
       Ozocubu's Armour  |       |     2 |       ||     2
       Sandblast         |       |     5 |     4 ||     9
  Use: Potion            |       |       |     3 ||     3
 Stab: Sleeping          |     1 |       |       ||     1
Armor: Robe              |    26 |    20 |    10 ||    56
Dodge: Dodged            |    79 |    35 |    17 ||   131

Table legend: (Time is in decaauts)
 A = Elapsed time spent in this place.
 B = Non-inter-level travel time spent in this place.
 C = Inter-level travel time spent in this place.
 D = Time resting spent in this place.
 E = Time spent auto-exploring this place.
 F = Levels seen in this place.
 G = Mean time per level.
                   A        B        C        D        E       F      G
               +--------+--------+--------+--------+--------+-----+--------+
         Total |   5157 |   5064 |     93 |   1625 |   2658 |   7 |  736.7 |
       Dungeon |   4870 |   4796 |     74 |   1625 |   2414 |   6 |  811.7 |
        Temple |    286 |    267 |     19 |      0 |    244 |   1 |  286.0 |
               +--------+--------+--------+--------+--------+-----+--------+

Top non-repeatable levels by time:
     D:1: 1390 daAuts
     D:3: 1385 daAuts
     D:2: 1260 daAuts
     D:5: 410 daAuts
     D:4: 352 daAuts
  Temple: 286 daAuts
     D:6: 70 daAuts
